 Dungeon Crawl Stone Soup version 0.29-a0-369-gd956c00756 (webtiles) character file.

Game seed: 8431292630195071149

52 Antichthon the Shield-Bearer (level 3, 0/24 HPs)
             Began as a Gargoyle Fighter on May 2, 2022.
             Slain by a goblin
             ... wielding a +0 dagger
             ... led by Robin
              (1 damage)
             ... on level 2 of the Dungeon.
             The game lasted 00:02:15 (824 turns).

Antichthon the Shield-Bearer (Gargoyle Fighter)      Turns: 824, Time: 00:02:15

Health: 0/24       AC: 10    Str: 19    XL:     3   Next: 85%
Magic:  3/3        EV:  9    Int: 10    God:
Gold:   32         SH:  4    Dex:  9    Spells: 2/2 levels left

rFire   . . .      SeeInvis .   a - +0 flail
rCold   . . .      Faith    .   c - +0 buckler
rNeg    + . .      Spirit   .   b - +0 scale mail
rPois   ∞          Reflect  .   (no helmet)
rElec   +          Harm     .   (no cloak)
rCorr   .          Rampage  .   (no gloves)
Will    .....                   (no boots)
Stlth   ..........              (no amulet)
HPRegen 0.08/turn               (no ring)
MPRegen 0.08/turn               (no ring)

@: no status effects
A: sickness immunity, AC +3, negative energy resistance 1, electricity
resistance, torment resistance 1, petrification resistance
a: no special abilities


You were on level 2 of the Dungeon.
You visited 1 branch of the dungeon, and saw 2 of its levels.

You collected 32 gold pieces.

Inventory:

Hand Weapons
 a - a +0 flail (weapon)
Armour
 b - a +0 scale mail (worn)
 c - a +0 buckler (worn)
Scrolls
 f - a scroll of fog
Potions
 d - a potion of might


   Skills:
 * Level 3.7 Fighting
 * Level 2.6 Maces & Flails
 * Level 3.6 Armour
 * Level 0.5 Dodging
 * Level 3.7 Shields
 * Level 0.6 Invocations


You had 2 spell levels left.
You didn't know any spells.
Your spell library contained the following spells:

 Spells                   Type           Power      Damage    Failure   Level
 Gell's Gravitas          Tloc           0%         N/A       99%         3
 Lesser Beckoning         Tloc           0%         N/A       99%         3
 Stone Arrow              Conj/Erth      0%         3d7       99%         3
 Teleport Other           Tloc           0%         N/A       99%         3
 Petrify                  Tmut/Erth      0%         N/A       100%        4
 Shatter                  Erth           0%         3d5*      100%        9


Dungeon Overview and Level Annotations

Branches:
Dungeon (2/15)

Altars:


Innate Abilities, Weirdness & Mutations

You are immune to sickness and miasma.
Your stone body is resilient. (AC +3)
You are immune to poison.
You resist negative energy. (rN+)
You are resistant to electric shocks. (rElec)
You are resistant to unholy torment.
You are immune to petrification.


Message History

The ball python grabs you. The ball python constricts you.
You barely miss the ball python. The ball python barely misses you.
The ball python constricts you. The worm bites you.
* * * LOW HITPOINT WARNING * * *
Unknown command.
You hit the worm but do no damage. You block the ball python's attack.
The ball python constricts you. The worm bites you but does no damage.
You block the ball python's attack. The ball python constricts you.
Unknown command.
You thump the worm!
The worm is heavily wounded.
The ball python barely misses you. The ball python constricts you.
You barely miss the worm.
The worm is heavily wounded.
The ball python bites you but does no damage.
The ball python constricts you. The worm bites you.
* * * LOW HITPOINT WARNING * * *
The ball python barely misses you. The ball python constricts you.
Unknown command.
You hit the worm.
The worm is heavily wounded.
The ball python bites you but does no damage.
The ball python constricts you. The worm completely misses you.
Unknown command.
You sock the worm!
You kill the worm!
The ball python barely misses you. The ball python constricts you.
The ball python closely misses you. The ball python constricts you.
Unknown command.
You thump the ball python!
You kill the ball python!
The goblin barely misses you.
You closely miss the goblin. The goblin hits you with a +0 dagger.
* * * LOW HITPOINT WARNING * * *
Unknown command.
You sock the goblin!
You kill the goblin!
Unknown command.
You barely miss the goblin. The goblin hits you with a +0 dagger.
You die...

#########
..########........
.....?g)g@....#
...#######.#### #.
.#######.# #.#
.........########.#
###
.#######...........
...
#...#.########.###.#
#.#....# #.##.#
#...#..# #.#.##
##.##..#######..##


You could see a hobgoblin and a goblin.

Vanquished Creatures
  Robin (D:2)
  A worm (D:2)
  2 dart slugs
  2 ball pythons (D:2)
  A bat (D:1)
  3 endoplasms
  2 giant cockroaches
  6 goblins
  6 hobgoblins
  2 frilled lizards
  3 kobolds
  2 rats
31 creatures vanquished.

Vanquished Creatures (others)
  A fungus (D:1)
  A plant (D:1)
2 creatures vanquished.

Grand Total: 33 creatures vanquished

Notes
Turn   | Place    | Note
-------+----------+-------------------------------------------
     0 | D:1      | Antichthon the Gargoyle Fighter began the quest for the
                  | Orb.
     0 | D:1      | Reached XP level 1. HP: 14/14 MP: 1/1
   115 | D:1      | Reached XP level 2. HP: 18/19 MP: 2/2
   244 | D:1      | Got the Reference Book on the Rocks
   373 | D:1      | Found a faded altar of an unknown god.
   745 | D:2      | Reached XP level 3. HP: 23/23 MP: 3/3
   772 | D:2      | Noticed Robin
   784 | D:2      | Killed Robin
   822 | D:2      | HP: 1/24 [goblin/+0 dagger[Robin] (2)]
   824 | D:2      | Slain by a goblin

Illustrated notes

Levels and vault maps discovered:
D:1:      lemuel_arrival_lava_pool, layout_rooms, shapermc_ecumenical_altar_gd
D:2:      layout_loops_ring, kennysheep_small_spiral, minmay_tripent, uniq_robin

Action                   || total
-------------------------++-------
Melee: Flail             ||    93
  Use: Scroll            ||     5
       Potion            ||     1
Armor: Scale mail        ||    52
Dodge: Dodged            ||    53
Block: Buckler           ||    16

Table legend: (Time is in decaauts)
 A = Elapsed time spent in this place.
 B = Non-inter-level travel time spent in this place.
 C = Inter-level travel time spent in this place.
 D = Time resting spent in this place.
 E = Time spent auto-exploring this place.
 F = Levels seen in this place.
 G = Mean time per level.
                   A        B        C        D        E       F      G
               +--------+--------+--------+--------+--------+-----+--------+
         Total |    853 |    819 |     34 |      0 |    579 |   2 |  426.5 |
       Dungeon |    853 |    819 |     34 |      0 |    579 |   2 |  426.5 |
               +--------+--------+--------+--------+--------+-----+--------+

Top non-repeatable levels by time:
     D:1: 667 daAuts
     D:2: 185 daAuts
